 Dungeon Crawl Stone Soup version 0.29-a0-369-gd956c00756 (webtiles) character file.

Game seed: 18234259946416397694

6432 puppykicker the Cleaver (level 10, -4/105 HPs)
             Began as a White Draconian Arcane Marksman on May 2, 2022.
             Was a Follower of Hepliaklqana.
             Slain by a vampire (6 damage)
             ... on level 8 of the Dungeon.
             The game lasted 00:46:05 (11097 turns).

puppykicker the Cleaver (DrAM)                     Turns: 11097, Time: 00:46:05

Health: -4/105     AC: 14    Str: 13    XL:     10   Next: 67%
Magic:  20/20      EV: 18    Int: 17    God:    Hepliaklqana [*.....]
Gold:   164        SH:  0    Dex: 18    Spells: 2/22 levels left

rFire   . . .      SeeInvis .   a - +2 war axe (holy)
rCold   + . .      Faith    .   (no shield)
rNeg    . . .      Spirit   .   (body armour unavailable)
rPois   .          Reflect  .   (helmet restricted)
rElec   .          Harm     .   u - +2 cloak
rCorr   .          Rampage  .   C - +1 pair of gloves
Will    .....                   D - +1 pair of boots
Stlth   ..........              (no amulet)
HPRegen 0.27/turn               y - +6 ring of dexterity
MPRegen 0.17/turn               A - +4 ring of evasion

@: berserking (expiring), very quick
A: reduced essence, breathe frost, AC +7, unfitting armour, cold resistance 1,
cold-blooded
a: Breathe Frost, Renounce Religion, Recall Ancestor, Ancestor Identity


You were on level 8 of the Dungeon.
You worshipped Hepliaklqana.
Hepliaklqana was aware of your devotion.
You visited 2 branches of the dungeon, and saw 10 of its levels.
You also visited: Sewer.

You collected 398 gold pieces.
You spent 234 gold pieces at shops.

Inventory:

Hand Weapons
 a - a +2 war axe of holy wrath (weapon)
 b - a +0 shortbow
 w - a +1 spear of venom
Missiles
 o - 33 poisoned darts (quivered)
 p - a throwing net
 v - 6 curare-tipped darts
Armour
 u - a +2 cloak (worn)
 C - a +1 pair of gloves (worn)
 D - a +1 pair of boots (worn)
Jewellery
 y - a +6 ring of dexterity (left hand)
 A - a +4 ring of evasion (right hand)
 G - an amulet of guardian spirit {Spirit}
Wands
 n - a wand of iceblast (25)
 s - a wand of paralysis (3)
 x - a wand of mindburst (5)
 F - a wand of flame (24)
Scrolls
 e - a scroll of fear
 f - 4 scrolls of vulnerability {!r!r}
 t - 6 scrolls of teleportation
 B - a scroll of blinking {!r}
Potions
 c - a potion of berserk rage {!q}
 d - 5 potions of curing
 g - 4 potions of might
 h - a potion of attraction {unknown}
 j - 2 potions of mutation {!q}
 k - a potion of cancellation
 l - a potion of resistance
 m - a potion of ambrosia
 q - a potion of haste {unknown}
 r - a potion of brilliance
 z - a potion of flight
 E - 2 potions of lignification {!q}


   Skills:
 - Level 4.0 Fighting
 * Level 10.5 Axes
 - Level 4.0 Bows
 - Level 4.0 Dodging
 + Level 6.7 Spellcasting
 - Level 4.0 Hexes
 - Level 2.0 Summonings
 - Level 2.0 Necromancy
 - Level 2.0 Translocations
 - Level 5.0 Ice Magic
 - Level 2.0 Air Magic
 - Level 2.0 Poison Magic


You had 2 spell levels left.
You knew the following spells:

 Your Spells              Type           Power      Damage    Failure   Level
b - Call Imp              Summ           12%        N/A       8%          2
d - Tukima's Dance        Hex            19%        N/A       7%          3
f - Portal Projectile     Hex/Tloc       30%        N/A       11%         3
g - Apportation           Tloc           24%        N/A       5%          1
m - Swiftness             Air            12%        N/A       16%         3
o - Ozocubu's Armour      Ice            22%        N/A       4%          3
s - Slow                  Hex            76%        N/A       2%          1
x - Mephitic Cloud        Conj/Pois/Air  10%        N/A       21%         3
z - Animate Skeleton      Necr           24%        N/A       5%          1

Your spell library contained the following spells:

 Spells                   Type           Power      Damage    Failure   Level
 Summon Small Mammal      Summ           48%        N/A       5%          1
 Shock                    Conj/Air       36%        1d5       8%          1
 Blink                    Tloc           24%        N/A       8%          2
 Sublimation of Blood     Necr           12%        N/A       8%          2
 Magic Dart               Conj           20%        1d4       12%         1
 Static Discharge         Conj/Air       9%         N/A       12%         2
 Scorch                   Fire           10%        2d6       19%         2
 Wereblood                Tmut           5%         N/A       19%         2
 Inner Flame              Hex/Fire       12%        N/A       16%         3
 Cause Fear               Hex            9%         N/A       22%         4
 Airstrike                Air            6%         N/A       45%         4
 Passage of Golubria      Tloc           12%        N/A       45%         4
 Summon Lightning Spire   Summ/Air       12%        N/A       45%         4
 Flame Wave               Conj/Fire      5%         2d5       75%         4
 Manifold Assault         Tloc           12%        N/A       82%         5
 Yara's Violent Unravell  Hex/Tmut       6%         3d5       82%         5
 Lightning Bolt           Conj/Air       4%         1d16      91%         5
 Fireball                 Conj/Fire      2%         3d4       97%         5
 Iskenderun's Battlesphe  Conj           5%         2d6       97%         5
 Conjure Ball Lightning   Conj/Air       4%         3x3d6     100%        6
 Summon Cactus Giant      Summ           6%         N/A       100%        6
 Orb of Destruction       Conj           2%         9d5       100%        7
 Ozocubu's Refrigeration  Ice            11%        4d7       100%        7
 Storm Form               Tmut/Air       4%         N/A       100%        7
 Summon Hydra             Summ           6%         N/A       100%        7
 Maxwell's Capacitive Co  Air            6%         ∞         100%        8


Dungeon Overview and Level Annotations

Branches:
Dungeon (9/15)             Temple (1/1) D:7             Orc (0/2) D:9
  Sewer (visited)
   Lair: D:8-11

Altars:
Cheibriados
Elyvilon
Hepliaklqana
Makhleb
Nemelex Xobeh
Okawaru
Qazlal
Ru
Trog
Uskayaw
Vehumet
Wu Jian
Zin

Shops:
D:6 *:


Innate Abilities, Weirdness & Mutations

Your life essence is reduced to manifest your ancestor. (-10% HP)
You can breathe waves of freezing cold which knock back foes.
Your icy white scales are hard. (AC +7)
You cannot fit into any form of body armour.
Your flesh is cold resistant. (rC+)
You are cold-blooded and may be slowed by cold attacks.


Message History

You take 3 damage, and have 27/70 hp.
Unknown command.
Something hits you.
* * * LOW HITPOINT WARNING * * *
Something bites you.
* * * LOW HITPOINT WARNING * * *
Something draws strength from your injuries!
The yak gores your gay dad but does no damage.
You take 9 damage, and have 18/70 hp.
Unknown command.
The yak gores your gay dad.
Unknown command.
Okay, then.
Really read
B - 2 scrolls of blinking {!r}?
Blink to where?
Press: ? - help, Dir - move target
As you read the scroll of blinking {!r}, it crumbles to dust.
It was a potion of cancellation.
You feel magically purged.
It was a potion of berserk rage.
A red film seems to cover your vision as you go berserk!
You feel yourself moving faster!
You feel mighty!
You now have 31/105 hp.
You feel a strong urge to attack something.
Something hits you.
* * * LOW HITPOINT WARNING * * *
Something bites you!
* * * LOW HITPOINT WARNING * * *
Something draws strength from your injuries!
You take 9 damage, and have 22/105 hp.
You slash something! You miss something. Something draws life force from you!
* * * LOW HITPOINT WARNING * * *
You take 17 damage, and have 5/105 hp.
You slash something!
You are too berserk!
Unknown command.
You hit something. Something hits you.
* * * LOW HITPOINT WARNING * * *
Something bites you.
You die...

##.....## #..# #..# ##....##
.......# ##..######.##
##....###
.####..####......##..####.....#
# ##
##..#...###......##.R....## #
## ##....## ####....Y......# ##
.## ###.### #.R..^......# #.
..####...# ##Y####......###.
#........## ##{## ###....##..
...####...######@## ###..#..#
#.## #.##........# ##..### #.#
##.##.####.#.## #.## #.#
#.##### ####.# ### ### ### ###


You could see the friendly your gay dad the ancestor and a yak.

Levels and vault maps discovered:
D:1:      eino_arrival_water_star, layout_basic
D:2:      layout_loops_ring, minmay_close_crescents
D:3:      layout_basic, elyvilon_altar_3, shapermc_ecumenical_altar_acropolis,
          gup_sewer_entry_spiral, minmay_misc_feat_doors,
          hangedman_decor_growths
D:4:      layout_rooms, jmf_multi_god_temple2, kennysheep_cross_room
D:5:      layout_loops_cross, grunt_decor_one_mirror, st_stairs_4,
          kennysheep_generic_room_6, uniq_crazy_yiuf_cottage, uniq_pikel,
          uniq_blork_the_orc
D:6:      wander_river, layout_loops_ring, serial_shops, shop_fountains,
          nicolae_good_shop
D:7:      layout_layer_cave, mainiacjoe_overflow_tiny_flanked,
          minmay_temple_entry_enclosed_plants
D:8:      layout_layer_cave, uniq_maggie
D:9:      layout_irregular_city, kennysheep_mini, jmf_multi_god_temple,
          overflow_temple_1_default, zombieorc1_lemuel, serial_undead,
          serial_undead_c, serial_undead_d, serial_undead_a, serial_undead_a,
          minmay_fire_ice_demons
Temple:   dshaligram_water_room_temple

Notes
Turn   | Place    | Note
-------+----------+-------------------------------------------
     0 | D:1      | puppykicker the Draconian Arcane Marksman began the quest
                  | for the Orb.
     0 | D:1      | Reached XP level 1. HP: 16/16 MP: 2/2
    68 | D:1      | Identified a +0 dagger
    68 | D:1      | Identified a +0 club
   109 | D:1      | Reached skill level 2 in Bows
   109 | D:1      | Reached XP level 2. HP: 23/23 MP: 3/3
   127 | D:1      | Identified a +0 dagger
   155 | D:1      | HP: 5/23 [kobold/+0 dagger (1)]
   436 | D:1      | Identified a +0 short sword
   439 | D:1      | Identified a +0 dagger
   506 | D:1      | Identified a +0 whip
   510 | D:1      | Identified a +0 shortbow
   515 | D:1      | Identified a +0 dagger
   527 | D:1      | Identified a +0 dagger
   533 | D:1      | Reached skill level 3 in Hexes
   552 | D:1      | Reached XP level 3. HP: 18/29 MP: 5/5
   565 | D:1      | Learned a level 3 spell: Portal Projectile
   730 | D:1      | Reached skill level 2 in Fighting
   929 | D:1      | Identified a +0 hand axe
  1267 | D:2      | Identified 2 scrolls of teleportation
  1270 | D:2      | Identified a +0 short sword
  1328 | D:2      | Identified a +1 spear of venom
  1485 | D:2      | Identified a +0 dagger
  1490 | D:2      | Identified an amulet of guardian spirit
  1601 | D:2      | Identified a +0 short sword
  1627 | D:2      | Reached skill level 1 in Axes
  1654 | D:2      | Identified a +0 dagger
  1654 | D:2      | Identified a +0 whip
  1752 | D:2      | Identified a +0 robe
  1838 | D:3      | Reached XP level 4. HP: 31/36 MP: 6/6
  1913 | D:3      | Identified a +0 spear
  1914 | D:3      | Identified a +0 whip
  1915 | D:3      | Identified a +0 club
  1915 | D:3      | Identified a +0 halberd
  1935 | D:3      | Reached skill level 2 in Spellcasting
  1951 | D:3      | Reached skill level 2 in Axes
  1994 | D:3      | Identified a +0 short sword
  1994 | D:3      | Identified a +0 ring mail
  1997 | D:3      | Identified a +0 dagger
  2028 | D:3      | Found a white marble altar of Elyvilon.
  2127 | D:3      | Reached XP level 5. HP: 39/41 MP: 8/8
  2132 | D:3      | Found a glowing drain.
  2136 | Sewer    | Entered a sewer
  2297 | Sewer    | Learned a level 3 spell: Tukima's Dance
  2463 | Sewer    | Identified 3 scrolls of identify
  2463 | Sewer    | Identified a potion of might
  2464 | Sewer    | Identified a potion of brilliance
  2465 | Sewer    | Identified a potion of ambrosia
  2630 | D:3      | Identified a +0 whip
  2761 | D:3      | Identified a +0 club
  2799 | D:3      | Identified a +0 spear
  2799 | D:3      | Identified a +0 halberd
  2800 | D:3      | Identified a +0 dagger
  2898 | D:2      | Reached skill level 3 in Axes
  3119 | D:3      | Identified a +0 halberd
  3265 | D:3      | Identified a +0 robe
  3342 | D:3      | Found a faded altar of an unknown god.
  3459 | D:4      | Identified a +0 trident
  3459 | D:4      | Identified a +0 hand axe
  3459 | D:4      | Identified a +0 club
  3460 | D:4      | Identified a +0 club
  3528 | D:4      | Found a large runed translucent door.
  3529 | D:4      | Found a large runed translucent door.
  3544 | D:4      | Identified a +0 flail
  3545 | D:4      | Identified a +0 club
  3593 | D:4      | Identified a +0 club
  3681 | D:4      | Reached XP level 6. HP: 48/48 MP: 9/9
  3762 | D:4      | Learned a level 2 spell: Call Imp
  4038 | D:4      | Identified a potion of resistance
  4087 | D:4      | Identified a +0 falchion
  4123 | D:4      | Identified 2 scrolls of fear
  4124 | D:4      | Identified a scroll of torment
  4264 | D:4      | Identified a scroll of amnesia
  4265 | D:4      | Identified a scroll of magic mapping
  4274 | D:4      | Identified a +0 whip
  4329 | D:4      | Found an iron altar of Okawaru.
  4332 | D:4      | Found a sacrificial altar of Ru.
  4355 | D:5      | Entered Level 5 of the Dungeon
  4435 | D:5      | Reached skill level 4 in Hexes
  4491 | D:5      | Identified a +0 helmet
  4514 | D:5      | Reached skill level 4 in Axes
  4514 | D:5      | Reached skill level 2 in Dodging
  4527 | D:5      | Identified a +0 short sword
  4527 | D:5      | Identified a +0 ring mail
  4527 | D:5      | Identified a +0 mace
  4539 | D:5      | Identified a +0 hand axe
  4571 | D:5      | Identified a +0 falchion
  4571 | D:5      | Identified a +0 chain mail
  4572 | D:5      | HP: 12/50 [orc/+0 falchion (7)]
  4929 | D:5      | Identified a +0 giant spiked club
  4935 | D:5      | Your scales start taking on an icy white colour.
  4935 | D:5      | Reached XP level 7. HP: 55/56 MP: 4/11
  4935 | D:5      | Gained mutation: Your flesh is cold resistant. (rC+) [White
                  | Draconian growth]
  4956 | D:5      | Identified a +0 giant club
  5101 | D:5      | You fall into a shaft and drop 2 floors!
  5101 | D:7      | Found a snail-covered altar of Cheibriados.
  5108 | D:7      | Identified a +0 hand axe
  5108 | D:7      | Identified a +0 dagger
  5108 | D:7      | Identified a +0 ring mail
  5111 | D:7      | Identified a +0 trident
  5111 | D:7      | Identified a +0 chain mail
  5112 | D:7      | Identified a +0 short sword
  5112 | D:7      | Identified a +0 dagger
  5112 | D:7      | Identified a +0 robe
  5155 | D:7      | Identified 6 potions of curing
  5158 | D:7      | Reached skill level 3 in Fighting
  5158 | D:7      | Reached skill level 3 in Bows
  5158 | D:7      | Reached skill level 3 in Spellcasting
  5426 | D:7      | Identified a +2 cloak
  5460 | D:7      | Identified a +0 shortbow
  5478 | D:7      | Reached skill level 5 in Axes
  5553 | D:7      | Learned a level 1 spell: Animate Skeleton
  5555 | D:7      | Learned a level 1 spell: Apportation
  5610 | D:7      | Identified a +0 whip
  5610 | D:7      | Identified a +0 hand axe
  5610 | D:7      | Identified a +0 morningstar
  5610 | D:7      | Identified a +0 chain mail
  5611 | D:7      | Identified a +0 dagger
  5611 | D:7      | Identified a +0 chain mail
  5612 | D:7      | Identified a +0 trident
  5707 | D:6      | Reached skill level 3 in Dodging
  5719 | D:6      | Reached XP level 8. HP: 26/64 MP: 10/13
  5940 | D:6      | Reached skill level 1 in Summonings
  5940 | D:6      | Reached skill level 1 in Necromancy
  5940 | D:6      | Reached skill level 1 in Translocations
  6071 | D:6      | Identified a +0 scimitar
  6122 | D:6      | Found Idivouco's Hallowed Reliquary.
  6126 | D:6      | Identified a +6 ring of dexterity
  6128 | D:6      | Identified a +1 whip of holy wrath
  6128 | D:6      | Identified a +0 robe
  6128 | D:6      | Noticed an angel
  6130 | D:6      | Identified a +4 ring of evasion
  6139 | D:6      | Bought a potion of curing for 33 gold pieces
  6161 | D:5      | Identified a +0 hand axe
  6161 | D:5      | Identified a +0 scale mail
  6210 | D:5      | Reached skill level 4 in Fighting
  6222 | D:5      | Identified a +0 spear
  6269 | D:5      | Identified a +0 whip
  6358 | D:5      | Reached skill level 6 in Axes
  6377 | D:5      | Identified a +0 pair of gloves
  6384 | D:5      | Identified 3 scrolls of blinking
  6385 | D:5      | Identified a scroll of enchant armour
  6386 | D:5      | Identified a scroll of fog
  6411 | D:5      | Identified a +0 whip of flaming
  6411 | D:5      | Identified a +2 robe of cold resistance
  6411 | D:5      | Noticed Pikel
  6454 | D:5      | Killed Pikel
  6455 | D:5      | Reached skill level 4 in Bows
  6455 | D:5      | Reached skill level 4 in Spellcasting
  6455 | D:5      | Reached skill level 2 in Summonings
  6455 | D:5      | Reached skill level 2 in Necromancy
  6455 | D:5      | Reached skill level 2 in Translocations
  6455 | D:5      | Reached XP level 9. HP: 68/71 MP: 3/15
  6465 | D:5      | Identified a +1 pair of boots
  6543 | D:5      | Learned a level 3 spell: Ozocubu's Armour
  6622 | D:5      | Identified a +0 hand axe
  6622 | D:5      | Identified a +0 ring mail
  6688 | D:5      | Identified a +0 trident
  6688 | D:5      | Identified a +0 robe
  6688 | D:5      | Noticed Blork the orc
  6696 | D:5      | Killed Blork the orc
  6703 | D:5      | Found a runed translucent door.
  6704 | D:5      | Identified a +2 quarterstaff of chaos
  6704 | D:5      | Identified a +0 cloak
  6704 | D:5      | Noticed Crazy Yiuf
  6766 | D:5      | Killed Crazy Yiuf
  6908 | D:6      | Bought a +2 war axe of holy wrath for 201 gold pieces
  6965 | D:6      | Reached skill level 7 in Axes
  6965 | D:6      | Reached skill level 4 in Dodging
  6988 | D:6      | Identified a +2 dagger of draining
  7076 | D:6      | Identified a +0 dagger
  7076 | D:6      | Identified a +0 robe
  7077 | D:6      | Identified a +0 trident
  7077 | D:6      | Identified a +0 leather armour
  7083 | D:6      | Reached skill level 1 in Ice Magic
  7085 | D:6      | Identified a +0 dagger
  7119 | D:6      | Found Nuufines's Book Shoppe.
  7301 | D:6      | Reached skill level 2 in Ice Magic
  7676 | D:7      | Noticed a manticore
  7755 | D:7      | Identified +0 steam dragon scales
  7848 | D:7      | Killed a manticore
  7849 | D:7      | Reached skill level 8 in Axes
  7849 | D:7      | Reached skill level 5 in Spellcasting
  7849 | D:7      | Reached skill level 3 in Ice Magic
  7855 | D:7      | Learned a level 3 spell: Mephitic Cloud
  8063 | D:7      | Found a staircase to the Ecumenical Temple.
  8069 | Temple   | Entered the Ecumenical Temple
  8133 | Temple   | Became a worshipper of Hepliaklqana the Forgotten
  8543 | D:7      | Identified a potion of degeneration
  8820 | D:8      | Reached skill level 4 in Ice Magic
  8820 | D:8      | Reached skill level 1 in Air Magic
  8820 | D:8      | Reached skill level 1 in Poison Magic
  8827 | D:8      | Reached XP level 10. HP: 64/78 MP: 18/18
  8831 | D:8      | Learned a level 3 spell: Swiftness
  8850 | D:8      | Reached skill level 2 in Air Magic
  8850 | D:8      | Reached skill level 2 in Poison Magic
  8875 | D:8      | Identified a +2 war axe of draining
  8875 | D:8      | Identified +0 steam dragon scales
  8875 | D:8      | Noticed Maggie
  8900 | D:8      | Reached skill level 9 in Axes
  8908 | D:8      | Killed Maggie
  8915 | D:8      | HP: 13/78 [yak (8)]
  8917 | D:8      | Reached skill level 6 in Spellcasting
  8918 | D:8      | Identified 2 potions of flight
  9218 | D:8      | Reached skill level 5 in Ice Magic
  9547 | D:8      | Reached * piety under Hepliaklqana
  9592 | D:8      | Identified a +0 dagger of protection
  9592 | D:8      | Identified a +0 ring mail
  9929 | D:8      | Identified 2 potions of lignification
  9966 | D:8      | Identified a +0 dagger
  9967 | D:8      | Identified a +0 dagger
  9968 | D:8      | Identified a +0 dagger
  9968 | D:8      | Identified a +0 club
 10063 | D:8      | Identified a +1 flail of protection
 10078 | D:8      | Identified a +1 shortbow of flaming
 10087 | D:8      | Reached skill level 10 in Axes
 10566 | D:9      | Found a glowing silver altar of Zin.
 10590 | D:9      | Found a staircase to the Orcish Mines.
 10590 | D:9      | Identified a +0 dagger
 10717 | D:9      | Identified 2 potions of mutation
 10778 | D:9      | HP: 12/70 [yak (10)]
 11079 | D:8      | HP: 17/70 [something (4)]
 11090 | D:8      | Identified 2 potions of cancellation
 11092 | D:8      | Identified 2 potions of berserk rage
 11093 | D:8      | HP: 22/105 [something (8)]
 11095 | D:8      | HP: 5/105 [something (17)]
 11097 | D:8      | HP: 2/105 [something (3)]
 11097 | D:8      | Slain by a vampire

Table legend: (Time is in decaauts)
 A = Elapsed time spent in this place.
 B = Non-inter-level travel time spent in this place.
 C = Inter-level travel time spent in this place.
 D = Time resting spent in this place.
 E = Time spent auto-exploring this place.
 F = Levels seen in this place.
 G = Mean time per level.
                   A        B        C        D        E       F      G
               +--------+--------+--------+--------+--------+-----+--------+
         Total |  11279 |  10930 |    349 |   3407 |   4963 |  11 | 1025.4 |
       Dungeon |  10758 |  10449 |    309 |   3344 |   4709 |   9 | 1195.3 |
        Temple |     84 |     45 |     39 |      0 |     38 |   1 |   84.0 |
         Sewer |    436 |    436 |      0 |     63 |    216 |   1 |  436.0 |
               +--------+--------+--------+--------+--------+-----+--------+

Top non-repeatable levels by time:
     D:8: 1945 daAuts
     D:7: 1922 daAuts
     D:5: 1444 daAuts
     D:1: 1145 daAuts
     D:6: 1138 daAuts
     D:3: 1130 daAuts
     D:4: 916 daAuts
     D:2: 888 daAuts
   Sewer: 436 daAuts
     D:9: 228 daAuts
  Temple: 84 daAuts

Table legend:
 A = Kills in this place as a percentage of kills in entire the game.
 B = Kills by you in this place as a percentage of kills by you in the entire game.
 C = Kills by friends in this place as a percentage of kills by friends in the entire game.
 D = Other kills in this place as a percentage of other kills in the entire game.
 E = Experience gained in this place as a percentage of experience gained in the entire game.
 F = Experience gained in this place divided by the number of levels of this place that you have seen.
                   A       B       C       D       E      F
               +-------+-------+-------+-------+-------+----------------------
         Total | 100.0 | 100.0 | 100.0 |   N/A | 100.0 | 835.4
       Dungeon |  95.1 |  94.9 | 100.0 |   N/A |  99.6 | 1016.8
         Sewer |   4.9 |   5.1 |   0.0 |   N/A |   0.4 |  38.0
               +-------+-------+-------+-------+-------+----------------------

Skill      XL: |  1  2  3  4  5  6  7  8  9 10 |
---------------+-------------------------------+-----
Bows           | 2 3 4 |  4.0
Hexes          | 3 4 |  4.0
Fighting       | 2 3 4 |  4.0
Axes           | 1 2 3 4 5 6 8 10 | 10.5
Spellcasting   | 2 3 4 5 6 |  6.7
Dodging        | 2 3 4 |  4.0
Summonings     | 2 |  2.0
Necromancy     | 2 |  2.0
Translocations | 2 |  2.0
Ice Magic      | 4 5 |  5.0
Air Magic      | 1 2 |  2.0
Poison Magic   | 1 2 |  2.0

Action                   |  1- 3 |  4- 6 |  7- 9 | 10-12 || total
-------------------------+-------+-------+-------+-------++-------
Melee: Spear             |    27 |   290 |   129 |       ||   446
       Hand axe          |     2 |       |     7 |       ||     9
       Tailslap          |     1 |    30 |    38 |    24 ||    93
       Punch             |       |     4 |     1 |     3 ||     8
       War axe           |       |       |    95 |   117 ||   212
 Fire: Shortbow          |   138 |       |     2 |    17 ||   157
Throw: Dart              |       |       |     4 |     3 ||     7
 Cast: Slow              |       |    22 |    16 |     5 ||    43
       Tukima's Dance    |       |    18 |    27 |     5 ||    50
       Call Imp          |       |       |     8 |       ||     8
       Animate Skeleton  |       |       |     1 |       ||     1
       Portal Projectile |       |       |     1 |       ||     1
       Mephitic Cloud    |       |       |       |     1 ||     1
       Ozocubu's Armour  |       |       |       |     1 ||     1
       Swiftness         |       |       |       |     1 ||     1
Invok: Ancestor Identity |       |       |       |     1 ||     1
 Abil: Breathe Frost     |       |       |     3 |     3 ||     6
Evoke: Wand              |       |       |    11 |     6 ||    17
  Use: Scroll            |     1 |     8 |     4 |     5 ||    18
       Potion            |       |       |     2 |     4 ||     6
 Stab: Distracted        |     1 |       |     2 |       ||     3
       Sleeping          |     1 |       |     2 |       ||     3
       Paralysed         |       |       |    11 |       ||    11
Armor: Skin              |    44 |    64 |    65 |    37 ||   210
Dodge: Dodged            |   103 |   165 |   212 |   110 ||   590

Vanquished Creatures
  Pikel (D:5)
  A manticore (D:7)
  Maggie (D:8)
  A wyvern (D:8)
  12 yaks (D:8)
  3 shadows (D:9)
  2 steam dragons
  4 water moccasins
  2 black bears
  2 orc warriors
  2 ogres (D:5)
  2 centaurs
  A lemure (D:5)
  A kobold brigand (D:8)
  A necrophage (D:6)
  Blork the orc (D:5)
  4 bullfrogs
  3 scorpions (D:6)
  6 hounds
  Crazy Yiuf (D:5)
  An orc priest (D:9)
  2 iguanas (D:4)
  2 orc wizards
  5 ogre zombies (D:9)
  7 gnolls (D:3)
  7 adders
  A river rat (D:3)
  A shadow imp (D:8)
  A white imp (D:8)
  5 worms
  A dart slug (D:4)
  19 orcs
  7 ball pythons
  10 bats
  7 endoplasms
  6 giant cockroaches
  8 goblins
  10 hobgoblins
  13 jackals
  8 quokkas
  9 frilled lizards
  2 goblin skeletons (D:9)
  A hobgoblin skeleton (D:9)
  3 hobgoblin zombies (D:9)
  11 kobolds
  4 orc skeletons (D:9)
  7 orc zombies (D:9)
  9 rats
218 creatures vanquished.

Vanquished Creatures (collateral kills)
  A steam dragon (D:9)
  A scorpion (D:6)
  An orc priest (D:7)
  An ogre zombie (D:9)
  3 orcs
  A kobold (D:8)
8 creatures vanquished.

Vanquished Creatures (others)
  9 dancing weapons
  2 ancestors (D:9)
  A fungus (D:3)
  2 plants (D:3)
14 creatures vanquished.

Grand Total: 240 creatures vanquished
